 Dungeon Crawl Stone Soup version 0.29.1-2-gbd0b4ee654 (webtiles) character file.

Game seed: 797028161729617280

639 cdecastro the Firebug (level 7, -6/52 HPs)
             Began as a Mummy Cinder Acolyte on Oct 31, 2022.
             Was a High Priest of Ignis.
             Mangled by Pikel
             ... wielding a +1 whip of flaming
              (10 damage)
             ... on level 4 of the Dungeon.
             The game lasted 00:09:46 (6191 turns).

cdecastro the Firebug (Mummy Cinder Acolyte)        Turns: 6191, Time: 00:09:46

Health: -6/52      AC:  3    Str: 17    XL:     7   Next: 25%
Magic:  1/9        EV: 11    Int: 15    God:    Ignis [*****.]
Gold:   154        SH:  0    Dex:  8    Spells: 6/8 levels left

rFire   . . .      SeeInvis .   a - -1 spear (flame)
rCold   + . .      Faith    .   (no shield)
rNeg    + + +      Spirit   .   b - +0 robe
rPois   ∞          Reflect  .   o - +0 helmet
rElec   .          Harm     .   (no cloak)
rCorr   .          Rampage  .   (no gloves)
Will    .....                   (no boots)
Stlth   +.........              (no amulet)
HPRegen 0.17/turn               (no ring)
MPRegen 0.11/turn               (no ring)

@: no status effects
A: cold resistance 1, negative energy resistance 3, torment resistance 2, heat
vulnerability 1, in touch with death 1, no potions
a: Renounce Religion, Fiery Armour, Foxfire Swarm, Rising Flame


You were on level 4 of the Dungeon.
You worshipped Ignis.
Ignis was extremely pleased with you.
You visited 2 branches of the dungeon, and saw 6 of its levels.

You collected 154 gold pieces.

Inventory:

Hand Weapons
 a - a -1 spear of flaming (weapon)
 c - a +2 hand axe of electrocution
Missiles
 k - 46 stones
 t - 6 boomerangs
 u - 2 javelins
 v - 3 curare-tipped darts
 x - 3 silver javelins
Armour
 b - a +0 robe (worn)
 i - a +2 ring mail of fire resistance
 o - a +0 helmet (worn)
 s - a +0 pair of boots
Jewellery
 p - a ring of ice
 r - a +4 ring of protection
Wands
 q - a wand of polymorph (4)
 w - a wand of roots (7)
 y - a wand of flame (6)
Scrolls
 d - a scroll of amnesia {unknown}
 e - a scroll of torment {unknown}
 f - 2 scrolls of noise {unknown}
 g - a scroll of immolation {unknown}
 h - 3 scrolls of teleportation {unknown}
 j - 2 scrolls of acquirement {unknown}
 l - 4 scrolls of identify {unknown}
 m - 2 scrolls of blinking {unknown}
 n - 3 scrolls of poison {unknown}


   Skills:
 - Level 3.0 Fighting
 - Level 2.4 Polearms
 - Level 1.3 Spellcasting
 + Level 7.1 Fire Magic


You had 6 spell levels left.
You knew the following spells:

 Your Spells              Type           Power      Damage    Failure   Level
a - Scorch                Fire           44%        2d7       1%          2

Your spell library contained the following spells:

 Spells                   Type           Power      Damage    Failure   Level
 Foxfire                  Conj/Fire      44%        2x1d6     5%          1
 Conjure Flame            Conj/Fire      11%        6-21      17%         3
 Inner Flame              Hex/Fire       11%        N/A       17%         3
 Necrotise                Necr           4%         1d4       24%         1
 Sandblast                Erth           2%         2d4       24%         1
 Summon Small Mammal      Summ           4%         N/A       24%         1
 Passwall                 Tmut/Erth      0%         N/A       34%         2
 Flame Wave               Conj/Fire      11%        2d6       50%         4
 Call Canine Familiar     Summ           1%         N/A       56%         3
 Gell's Gravitas          Tloc           1%         N/A       56%         3
 Lesser Beckoning         Tloc           1%         N/A       56%         3
 Stone Arrow              Conj/Erth      2%         3d7       56%         3
 Summon Guardian Golem    Hex/Summ       1%         N/A       56%         3
 Teleport Other           Tloc           1%         N/A       56%         3
 Vampiric Draining        Necr           1%         2d6       56%         3
 Agony                    Necr           1%         N/A       100%        5


Dungeon Overview and Level Annotations

Branches:
Dungeon (5/15)             Temple (1/1) D:4

Altars:
Ashenzari
Fedhas
Gozag
Nemelex Xobeh
Okawaru
Qazlal
Sif Muna
Trog
Uskayaw
Vehumet
Wu Jian
Yredelemnul

Annotations:
D:4 Pikel
D:5 exclusion: oklob plant


Innate Abilities, Weirdness & Mutations

You are immune to poison.
Your flesh is cold resistant. (rC+)
You are immune to negative energy. (rN+++)
You are immune to unholy pain and torment.
You are vulnerable to heat. (rF-)
You are in touch with the powers of death.
You do not drink.


Message History

Pikel hits you with a +1 whip of flaming.
Pikel burns you.
There is a stone staircase leading up here.
The lemure hits you. Pikel barely misses you. The lemure barely misses you.
You climb upwards.
There is a stone staircase leading down here.
Unknown command.
Casting: Scorch (safe; 1% risk of failure)
Press: ? - help, Q - select action, (/) - cycle Dir - look around, f - activate Flames lash the lemure.
The lemure is moderately wounded.
The lemure's fire resistance burns away.
The lemure hits you. x2; Pikel closely misses you.
Casting: Scorch (safe; 1% risk of failure)
Press: ? - help, Q - select action, (/) - cycle Dir - look around, f - activate Flames lash the lemure.
The lemure is burned terribly!
The lemure is moderately wounded.
The lemure closely misses you. x2
Pikel hits you with a +1 whip of flaming.
* * * LOW HITPOINT WARNING * * *
Pikel burns you.
* * * LOW HITPOINT WARNING * * *
Casting: Scorch (safe; 1% risk of failure)
Press: ? - help, Q - select action, (/) - cycle Dir - look around, f - activate Flames lash the lemure.
The lemure is burned terribly!
The lemure is almost dead.
The lemure hits you!
* * * LOW HITPOINT WARNING * * *
The lemure hits you.
* * * LOW HITPOINT WARNING * * *
Pikel barely misses you.
Casting: Scorch (safe; 1% risk of failure)
Press: ? - help, Q - select action, (/) - cycle Dir - look around, f - activate Flames lash the lemure.
The lemure is burned terribly!
You kill the lemure!
That felt strangely unrewarding.
The lemure hits you.
* * * LOW HITPOINT WARNING * * *
Pikel hits you with a +1 whip of flaming!
You die...

#...# ###.############ #...#
#...........[..# #####
#.#.##########.# #.#..........#.#
#.#.########.#.# #.#..........#.#
#.#.##########.#
#############.#.## #.######
...............5@# #......#
#####..#.####.#K##########..###.#
#..##.# #.#.............# #.#
#.###.# #.#.###########.# #.# #.#
#.####.###...........# #.# ##.#
#........#.#############.# #..#
##########.#.............. ##.##
#.#.############# ##..#
#...........<#


You could see Pikel and a lemure (combustible).

Vanquished Creatures
  Eustachio (D:5)
  Menkaure (D:4)
  An ogre (D:5)
  2 lemures (D:4)
  An iguana (D:5)
  Terence (D:3)
  An orc wizard (D:3)
  Robin (D:2)
  6 gnolls
  3 adders
  2 worms (D:2)
  5 dart slugs
  8 orcs
  8 ball pythons
  5 bats
  4 endoplasms
  A giant cockroach (D:3)
  17 goblins
  8 hobgoblins
  6 jackals
  2 quokkas
  5 frilled lizards
  7 kobolds
  4 rats
100 creatures vanquished.

Notes
Turn   | Place    | Note
-------+----------+-------------------------------------------
     0 | D:1      | cdecastro the Mummy Cinder Acolyte began the quest for the
                  | Orb.
     0 | D:1      | Reached XP level 1. HP: 18/18 MP: 2/2
   225 | D:1      | Found a faded altar of an unknown god.
   266 | D:1      | Reached XP level 2. HP: 24/24 MP: 4/4
   268 | D:1      | Reached skill level 3 in Fire Magic
   272 | D:1      | Learned a level 2 spell: Scorch
   856 | D:1      | Gained mutation: You are in touch with the powers of death.
                  | [Mummy growth]
   856 | D:1      | Reached XP level 3. HP: 29/29 MP: 2/5
  1368 | D:1      | Reached skill level 4 in Fire Magic
  1697 | D:2      | Reached XP level 4. HP: 32/35 MP: 6/6
  2457 | D:3      | Noticed Robin
  2628 | D:2      | Killed Robin
  2827 | D:3      | Reached XP level 5. HP: 41/41 MP: 4/7
  3129 | D:3      | Noticed Terence
  3137 | D:3      | Killed Terence
  3138 | D:3      | Reached skill level 5 in Fire Magic
  4428 | D:4      | Found a staircase to the Ecumenical Temple.
  4457 | Temple   | Entered the Ecumenical Temple
  4690 | D:4      | Noticed Menkaure
  4700 | D:4      | Killed Menkaure
  4701 | D:4      | Reached skill level 6 in Fire Magic
  4701 | D:4      | Reached XP level 6. HP: 36/47 MP: 1/8
  4806 | D:4      | Found a broken altar of Ashenzari.
  5278 | D:5      | Entered Level 5 of the Dungeon
  5656 | D:5      | Noticed Eustachio
  5761 | D:5      | Killed Eustachio
  5762 | D:5      | Reached XP level 7. HP: 52/52 MP: 6/9
  5819 | D:5      | Found a blossoming altar of Fedhas.
  5841 | D:5      | Noticed an oklob plant
  5924 | D:5      | Reached skill level 7 in Fire Magic
  6023 | D:5      | Found a stormy altar of Qazlal.
  6025 | D:5      | Found a radiant altar of Vehumet.
  6026 | D:5      | Found a shimmering blue altar of Sif Muna.
  6088 | D:5      | Noticed Pikel
  6191 | D:4      | Mangled by Pikel

Illustrated notes

Levels and vault maps discovered:
D:1:      minmay_arrival_solitary_statue, layout_basic,
          hellmonk_ecumenical_altar_slurped_away, minivault_19,
          minmay_misc_feat_nine_boxes, minivault_24
D:2:      layout_rooms
D:3:      layout_loops_cross, uniq_terence, uniq_robin
D:4:      layout_basic, nicolae_overflow_hidden_temple,
          minmay_temple_entry_wispy, uniq_menkaure
D:5:      layout_rooms, tgw_fedhas, minitemple, uniq_eustachio, uniq_pikel
Temple:   hellmonk_temple_beads

Skill      XL: |  1  2  3  4  5  6  7 |
---------------+----------------------+-----
Fire Magic     | 3 4 6 7 |  7.1
Fighting       | |  3.0
Polearms       | |  2.4
Spellcasting   | |  1.3

Action                   |  1- 3 |  4- 6 |  7- 9 || total
-------------------------+-------+-------+-------++-------
Melee: Spear             |    53 |    80 |     3 ||   136
       Punch             |     1 |     2 |       ||     3
 Cast: Scorch            |    21 |    84 |    11 ||   116
Armor: Robe              |     9 |    19 |       ||    28
Dodge: Dodged            |    33 |    67 |     9 ||   109
